 Dungeon Crawl Stone Soup version 0.28-a0-230-g086cc6695f (webtiles) character file.

Game seed: 3995669902634759316

3181 robb4 the Basher (level 9, -8/81 HPs)
             Began as a Deep Dwarf Berserker on Aug 22, 2021.
             Was an Elder of Trog.
             Mangled by a boulder beetle (21 damage)
             ... on level 7 of the Dungeon.
             The game lasted 00:34:10 (5163 turns).

robb4 the Basher (Deep Dwarf Berserker)             Turns: 5163, Time: 00:34:11

Health: -8/81      AC: 20    Str: 20 (21) XL:     9   Next: 63%
Magic:  3/3        EV:  5    Int:  9 (11) God:    Trog [****..]
Gold:   345        SH: 14    Dex: 11 (12) Spells: 8/8 levels left

rFire   . . .      SeeInvis +   x - +5 morningstar
rCold   . . .      Faith    .   r - +0 kite shield
rNeg    + . .      Spirit   .   i - +1 plate armour
rPois   .          Reflect  +   A - +2 helmet {SInv}
rElec   .          Harm     .   t - +1 cloak
rCorr   .          Rampage  .   h - +0 pair of gloves
Will    ++...                   (no boots)
Stlth   ..........              y - amulet of reflection
HPRegen 0.00/turn               u - ring of positive energy
MPRegen 0.08/turn               w - ring of willpower

@: flying
A: damage resistance, heal wounds, sense surroundings 2, no regeneration
a: Heal Wounds, Renounce Religion, Berserk, Trog's Hand, Brothers in Arms


You were on level 7 of the Dungeon.
You worshipped Trog.
Trog was greatly pleased with you.
You visited 1 branch of the dungeon, and saw 7 of its levels.

You collected 345 gold pieces.

Inventory:

Hand Weapons
 d - a +2 dagger of draining
 s - a +3 flail of protection
 x - a +5 morningstar (weapon)
Armour
 h - a +0 pair of gloves (worn)
 i - a +1 plate armour (worn)
 r - a +0 kite shield (worn)
 t - a +1 cloak (worn)
 A - a +2 helmet of see invisible (worn)
Jewellery
 b - a ring of ice
 u - a ring of positive energy (left hand)
 w - a ring of willpower (right hand)
 y - an amulet of reflection (around neck)
Scrolls
 a - a scroll of fear {unknown}
 e - 3 scrolls of identify
 l - 2 scrolls of enchant weapon
 n - a scroll of noise
 v - 2 scrolls of teleportation
Potions
 c - a potion of lignification {unknown}
 j - a potion of degeneration
 m - a potion of brilliance {unknown}
 q - a potion of curing


   Skills:
 + Level 5.2 Fighting
 + Level 2.8 Short Blades
 + Level 4.6(7.3) Axes
 + Level 8.2(8.6) Maces & Flails
 + Level 5.9 Armour
 + Level 3.1 Dodging
 + Level 0.1 Stealth
 + Level 6.9 Shields


You had 8 spell levels left.
You didn't know any spells.
Your spell library contained the following spells:

 Spells                   Type           Power      Damage    Failure   Level
 Animate Skeleton         Necr           0%         N/A       100%        1
 Apportation              Tloc           0%         N/A       100%        1
 Corona                   Hex            0%         N/A       100%        1
 Summon Small Mammal      Summ           0%         N/A       100%        1
 Slow                     Hex            0%         N/A       100%        2
 Confusing Touch          Hex            0%         N/A       100%        3
 Yara's Violent Unravell  Hex/Tmut       0%         3d3       100%        5


Dungeon Overview and Level Annotations

Branches:
Dungeon (7/15)             Temple (0/1) D:6

Altars:
Gozag
Qazlal
Ru
Vehumet

Shops:
D:5 :


Innate Abilities, Weirdness & Mutations

You are resistant to damage.
You can heal yourself by infusing magical energy.
You passively map the area around you.
You do not regenerate.


Message History

You block the boulder beetle's attack.
The boulder beetle stops rolling and uncurls.
You hit the boulder beetle but do no damage.
The boulder beetle is severely wounded.
The boulder beetle bites you but does no damage.
You hit the boulder beetle.
The boulder beetle is severely wounded.
You block the boulder beetle's attack. The boulder beetle bites you!
* * * LOW HITPOINT WARNING * * *
You barely miss the boulder beetle.
The boulder beetle is severely wounded.
The boulder beetle bites you but does no damage.
You puncture the boulder beetle!
The boulder beetle is severely wounded.
You block the boulder beetle's attack.
Your shield prevents you from hitting the boulder beetle.
The boulder beetle is severely wounded.
The boulder beetle leaps!
You block the boulder beetle's attack.
You hit the boulder beetle.
The boulder beetle is severely wounded.
The boulder beetle leaps!
The boulder beetle leaps!
The boulder beetle waves its antennae.
The boulder beetle curls into a ball and begins rolling!
The boulder beetle barely misses you.
The boulder beetle stops rolling and uncurls.
You puncture the boulder beetle!
The boulder beetle is severely wounded.
The boulder beetle bites you!
* * * LOW HITPOINT WARNING * * *
You hit the boulder beetle but do no damage.
The boulder beetle is severely wounded.
You block the boulder beetle's attack.
You hit the boulder beetle but do no damage.
The boulder beetle is severely wounded.
You block the boulder beetle's attack.
The boulder beetle leaps!
The boulder beetle curls into a ball and begins rolling!
The boulder beetle hits you!!
You die...

* , , * .##* ,, , , ,
,, #.####..#*., , *
######## * ,
#....#.#*.. #......# *
* * ####.#.#*,..
####.####+# ,* ,
#.#.#####.##......... *
* *
###....#...............
,
#....#.#.##.##.........
#
#.........#.....#####..
# * * ###...@...#.###.#
#.. ##### #....<#B..#.#
#.# #.. ....#, *
#######...#.# #.#####..
#...#* ##>.#.#
#.....#.. ..#..#* * *
#..#.# #####.#..
#####.# , , ,,#..#.#
####.#.. ......# * ***
#..#.# #....#.. ####..#
, ##.#.####.####.. , ,
, #...#..........


You could see a boulder beetle (rolling).

Vanquished Creatures
  The ghost of molind the Magician, a novice DjFE of the Shining One (D:6)
  A vampire mosquito (D:6)
  Menkaure (D:4)
  Edmund (D:4)
  A black bear (D:5)
  An ice beast (D:7)
  An ogre (D:5)
  A centaur (D:6)
  2 phantoms (D:6)
  2 bullfrogs (D:5)
  A gnoll sergeant (D:6)
  A wyvern zombie (D:6)
  6 scorpions (D:6)
  A wyvern skeleton (D:6)
  5 wights (D:6)
  6 killer bees
  3 electric eels (D:7)
  A howler monkey (D:6)
  A spectral centaur (D:6)
  2 centaur zombies (D:6)
  2 hounds
  2 orc priests (D:7)
  A centaur skeleton (D:7)
  A bullfrog skeleton (D:6)
  3 iguanas
  2 orc wizards
  Robin (D:4)
  6 gnolls
  2 adders
  A shadow imp (D:6)
  A white imp (D:4)
  4 worms
  2 dart slugs
  16 orcs
  4 bats
  2 endoplasms (D:1)
  7 giant cockroaches
  18 goblins
  9 hobgoblins
  4 jackals (D:1)
  A quokka (D:1)
  9 ball pythons
  3 frilled lizards
  6 kobolds
  A quokka skeleton (D:4)
  3 rats
  2 butterflies (D:6)
152 creatures vanquished.

Vanquished Creatures (others)
  5 plants (D:7)
5 creatures vanquished.

Grand Total: 157 creatures vanquished

Notes
Turn   | Place    | Note
-------+----------+-------------------------------------------
     0 | D:1      | robb4 the Deep Dwarf Berserker began the quest for the Orb.
     0 | D:1      | Reached XP level 1. HP: 20/20 MP: 1/1
   130 | D:1      | Reached XP level 2. HP: 21/27 MP: 2/2
   610 | D:2      | Reached ** piety under Trog
   615 | D:2      | Reached XP level 3. HP: 24/34 MP: 2/2
   830 | D:2      | Found a faded altar of an unknown god.
  1296 | D:2      | Reached XP level 4. HP: 39/42 MP: 3/3
  1867 | D:4      | Reached skill level 1 in Short Blades
  1950 | D:4      | Reached XP level 5. HP: 36/49 MP: 4/4
  2215 | D:4      | Noticed Edmund
  2245 | D:4      | Killed Edmund
  2246 | D:4      | Reached skill level 1 in Shields
  2246 | D:4      | Reached XP level 6. HP: 40/56 MP: 5/5
  2689 | D:4      | Noticed Robin
  2703 | D:4      | Reached *** piety under Trog
  2722 | D:4      | Killed Robin
  2770 | D:4      | Noticed Menkaure
  2780 | D:4      | Killed Menkaure
  2781 | D:4      | Reached skill level 1 in Maces & Flails
  2904 | D:5      | Entered Level 5 of the Dungeon
  2958 | D:5      | Reached skill level 2 in Maces & Flails
  2984 | D:5      | Reached XP level 7. HP: 39/64 MP: 6/6
  3056 | D:5      | Found a radiant altar of Vehumet.
  3084 | D:5      | Reached skill level 3 in Maces & Flails
  3132 | D:5      | Found a stormy altar of Qazlal.
  3216 | D:5      | Found Ocuneca's Book Emporium.
  3271 | D:5      | Reached skill level 4 in Maces & Flails
  3855 | D:6      | Reached XP level 8. HP: 70/73 MP: 7/7
  3910 | D:6      | Reached skill level 5 in Maces & Flails
  3930 | D:6      | Found a transporter.
  4043 | D:6      | Found a transporter.
  4047 | D:6      | Noticed molind's ghost (novice DjFE)
  4087 | D:6      | Killed molind's ghost
  4088 | D:6      | Reached skill level 6 in Maces & Flails
  4088 | D:6      | Reached skill level 5 in Armour
  4088 | D:6      | Reached skill level 5 in Shields
  4110 | D:6      | Gained mutation: You passively map the area around you.
                  | [Deep Dwarf growth]
  4110 | D:6      | Reached XP level 9. HP: 36/80 MP: 7/7
  4194 | D:6      | Found a staircase to the Ecumenical Temple.
  4284 | D:6      | Found a runed translucent door.
  4286 | D:6      | Found a runed translucent door.
  4294 | D:6      | Reached skill level 5 in Fighting
  4304 | D:6      | Reached skill level 7 in Maces & Flails
  4477 | D:6      | Found an opulent altar of Gozag.
  4478 | D:6      | Found a sacrificial altar of Ru.
  4675 | D:7      | Reached **** piety under Trog
  4794 | D:7      | Reached skill level 8 in Maces & Flails
  5069 | D:7      | Noticed a boulder beetle
  5124 | D:7      | Identified a scroll of acquirement
  5124 | D:7      | Acquired a ring of ice
  5163 | D:7      | Mangled by a boulder beetle

Illustrated notes

Levels and vault maps discovered:
D:1:      amcnicky_arrival_wind_blow, layout_basic
D:2:      layout_loops_cross, dreamdust_ecumenical_altar_hidden_monk_grotto
D:3:      layout_basic
D:4:      wad_pebble_path, layout_basic, uniq_edmund, uniq_menkaure, uniq_robin
D:5:      layout_gridville, general_overflow_altar, vehumet_crystals,
          serial_shops, kennysheep_mini_moat
D:6:      lemuel_insect_pit, layout_cave_pools,
          mainiacjoe_overflow_divided_tiny, minmay_temple_entry_mist,
          gammafunk_ghost_mausoleum, kennysheep_doodads, grunt_decor_clamped
D:7:      layout_basic, marbit_many_paths, serial_bayou_lagoon_b

Skill      XL: |  1  2  3  4  5  6  7  8  9 |
---------------+----------------------------+-----
Fighting       | 3 4 5 |  5.2
Axes           | 4 |  4.6
Short Blades   | 1 2 |  2.8
Armour         | 3 4 5 |  5.9
Shields        | 1 2 3 5 6 |  6.9
Maces & Flails | 2 4 6 8 |  8.2
Dodging        | 3 |  3.1
Stealth        | |  0.1

Action                   |  1- 3 |  4- 6 |  7- 9 || total
-------------------------+-------+-------+-------++-------
Melee: Hand axe          |    35 |       |       ||    35
       Dagger            |    87 |   108 |       ||   195
       Flail             |       |    86 |   105 ||   191
       Morningstar       |       |       |   219 ||   219
 Abil: Heal Wounds       |     2 |     2 |    14 ||    18
  Use: Scroll            |       |     2 |     6 ||     8
       Potion            |       |     1 |     6 ||     7
Armor: Animal skin       |    15 |       |       ||    15
       Plate armour      |    23 |   146 |   423 ||   592
       Skin              |       |     8 |       ||     8
Dodge: Dodged            |    71 |    36 |   114 ||   221
Block: Kite shield       |       |    87 |   275 ||   362

Table legend: (Time is in decaauts)
 A = Elapsed time spent in this place.
 B = Non-inter-level travel time spent in this place.
 C = Inter-level travel time spent in this place.
 D = Time resting spent in this place.
 E = Time spent auto-exploring this place.
 F = Levels seen in this place.
 G = Mean time per level.
                   A        B        C        D        E       F      G
               +--------+--------+--------+--------+--------+-----+--------+
         Total |   5343 |   5343 |      0 |      0 |   2832 |   7 |  763.3 |
       Dungeon |   5343 |   5343 |      0 |      0 |   2832 |   7 |  763.3 |
               +--------+--------+--------+--------+--------+-----+--------+

Top non-repeatable levels by time:
     D:4: 1122 daAuts
     D:6: 1024 daAuts
     D:5: 818 daAuts
     D:2: 739 daAuts
     D:1: 610 daAuts
     D:7: 532 daAuts
     D:3: 495 daAuts
